 Dungeon Crawl Stone Soup version 0.23-a0-516-g0f8c245 (webtiles) character file.

1470 galech the Chopper (level 8, -1/61 HPs)
             Began as a Demonspawn Fighter on Dec 5, 2018.
             Was a Follower of Okawaru.
             Slain by a wight
             ... wielding a +0 scimitar of freezing
              (7 damage)
             ... on level 7 of the Dungeon.
             The game lasted 00:06:13 (5108 turns).

galech the Chopper (Demonspawn Fighter)             Turns: 5108, Time: 00:06:14

Health: -1/61      AC: 17    Str: 17    XL:     8   Next: 49%
Magic:  7/8        EV:  4    Int: 10    God:    Okawaru [*.....]
Gold:   269        SH: 13    Dex: 14    Spells: 7/7 levels left

rFire    . . .     SeeInvis .   a - +1 war axe
rCold    . . .     Gourm    .   c - +0 shield
rNeg     . . .     Faith    .   z - +4 chain mail
rPois    .         Spirit   .   m - +0 helmet
rElec    .         Reflect  +   d - +0 cloak
rCorr    +         Harm     .   (no gloves)
MR       .....                  (no boots)
Stlth    ..........             v - +4 amulet of reflection
HPRegen  0.20/turn              y - ring of resist corrosion
MPRegen  0.11/turn              (no ring)

@: about to teleport, marked, heavily drained
A: hooves 2, yellow scales 1, powered by death 1
a: Heroism, Renounce Religion


You were on level 7 of the Dungeon.
You worshipped Okawaru.
Okawaru was aware of your devotion.
You were not hungry.

You visited 1 branch of the dungeon, and saw 7 of its levels.

You collected 269 gold pieces.

Inventory:

Hand Weapons
 a - a +1 war axe (weapon)
Armour
 c - a +0 shield (worn)
 d - a +0 cloak (worn)
 m - a +0 helmet (worn)
 z - a +4 chain mail (worn)
Jewellery
 v - a +4 amulet of reflection (around neck)
 y - a ring of resist corrosion (left hand)
Scrolls
 h - 3 scrolls of enchant armour
 i - a scroll of fog
 k - a scroll of remove curse
 n - 2 scrolls of amnesia
 o - 2 scrolls of teleportation
 w - a scroll of enchant weapon
 A - 2 scrolls of immolation
Potions
 b - a potion of mutation {unknown}
 e - 5 potions of curing {unknown}
 g - 2 potions of agility {unknown}
 j - a potion of heal wounds {unknown}
 l - a potion of berserk rage {unknown}
 p - a potion of degeneration {unknown}
 q - 2 potions of invisibility {unknown}
 r - 2 potions of flight {unknown}
 t - a potion of magic {unknown}
 x - a potion of might
 B - a potion of brilliance {unknown}
Comestibles
 f - 12 rations


   Skills:
 + Level 4.6(2.7) Fighting
 + Level 6.8(4.7) Axes
 + Level 4.6(2.7) Armour
 + Level 2.3(0.6) Dodging
 + Level 0.4(0.0) Stealth
 + Level 4.8(2.9) Shields


You had 7 spell levels left.
You didn't know any spells.
Your spell library was empty.

Dungeon Overview and Level Annotations

Branches:
Dungeon (7/15)             Temple (0/1) D:6

Altars:
Elyvilon
Makhleb
Okawaru
Vehumet
Wu Jian
Xom
The Shining One

Shops:
D:6 :

Annotations:
D:6 exclusion: statue
D:7 Harold


Innate Abilities, Weirdness & Mutations

You have hoof-like feet.
You are partially covered in yellow scales. (AC +2)
You regenerate a little health from kills.


Message History

You kick Harold.
Harold is moderately wounded.
You closely miss the wight.
You hit the crimson imp but do no damage.
The wight barely misses you. You block the crimson imp's attack.
You block Harold's attack. You block the wight's attack. x2
The crimson imp blinks!
The wight hits you but does no damage.
You hit Harold. You kick Harold, but do no damage.
Harold is moderately wounded.
You hit the wight but do no damage. Harold barely misses you.
The wight hits you from afar with a +3 trident.
* * * LOW HITPOINT WARNING * * *
You feel drained.
* * * LOW HITPOINT WARNING * * *
The wight completely misses you. x2
As you read the scroll of teleportation, it crumbles to dust.
You feel strangely unstable. You block Harold's attack.
The wight hits you but does no damage.
The wight hits you with a +0 scimitar of freezing!
You die...

###.##...,,###### *,,,,,,,,,,,,**
.......#**,#....# **,************
.......# *,#....# *,************
.......# *,#....# *,,,,,,,,,,,,,
....^..###.#....# *******,,,,,,,
...........#(...####### *,**,,,,
.......#####..........# *,*,,,,,
................).z...# *,*,*,,,
###############.@zz5..# *,*,*,,,
****** #.ยง@....# *,*,**,*
**,,,,**#.......#***,*,**,*
*,,,,,,,###+#####,,,,*,**,*
***,,**,*,* *,* *,,,,*,**,*
**,,,,,,,*,* *,* *,,,,*,**,*
****,,,,,,***,* *,*****,,,,*,,,,*
*,***,**,,*,*,***,*,,,,,,,,******
****,***,,,,,,,,,,*,,,,,,,,****,*


You could see Harold, 3 wights and a crimson imp.

Vanquished Creatures
  An ice beast (D:6)
  A black bear (D:6)
  3 ogres
  A phantom (D:5)
  A centaur (D:6)
  Blork the orc (D:6)
  2 bullfrogs (D:6)
  A scorpion (D:6)
  A wight (D:7)
  A bullfrog zombie (D:5)
  A crimson imp (D:5)
  3 hounds
  A bullfrog skeleton (D:4)
  2 orc wizards
  Crazy Yiuf (D:4)
  An iguana (D:4)
  Natasha (D:4)
  2 worker ants (D:6)
  Robin (D:4)
  A gnoll (D:1)
  6 adders
  3 oozes
  An adder zombie (D:5)
  2 worms
  A dart slug (D:1)
  3 leopard geckos
  20 orcs
  3 ball pythons
  4 giant cockroaches
  18 goblins
  2 hobgoblins
  3 jackals (D:1)
  6 kobolds
  3 quokkas
  7 bats
  5 frilled lizards
  A giant cockroach zombie (D:5)
  A jackal skeleton (D:4)
  5 rats
121 creatures vanquished.

Notes
Turn   | Place    | Note
-------+----------+-------------------------------------------
     0 | D:1      | galech the Demonspawn Fighter began the quest for the Orb.
     0 | D:1      | Reached XP level 1. HP: 18/18 MP: 1/1
   102 | D:1      | Reached skill level 2 in Axes
   120 | D:1      | Gained mutation: You have large cloven feet. [demonic
                  | ancestry]
   120 | D:1      | Reached XP level 2. HP: 7/24 MP: 2/2
   631 | D:1      | Gained mutation: You have hoof-like feet. [demonic
                  | ancestry]
   631 | D:1      | Reached XP level 3. HP: 11/29 MP: 3/3
  1138 | D:2      | Found a shimmering altar of Xom.
  1272 | D:2      | Reached XP level 4. HP: 27/35 MP: 4/4
  2314 | D:4      | Reached skill level 3 in Axes
  2358 | D:4      | Gained mutation: You are partially covered in yellow
                  | scales. (AC +2) [demonic ancestry]
  2358 | D:4      | Reached XP level 5. HP: 37/41 MP: 5/5
  2448 | D:4      | Found a white marble altar of Elyvilon.
  2451 | D:4      | Noticed an ogre
  2457 | D:4      | Killed an ogre
  2489 | D:4      | Reached skill level 1 in Dodging
  2489 | D:4      | Reached XP level 6. HP: 29/48 MP: 6/6
  2574 | D:4      | Found a runed door.
  2578 | D:4      | Noticed Crazy Yiuf
  2584 | D:4      | Killed Crazy Yiuf
  2584 | D:4      | Reached skill level 4 in Axes
  2963 | D:4      | Noticed Natasha
  2968 | D:4      | Killed Natasha
  2993 | D:4      | Noticed Robin
  3003 | D:4      | Killed Robin
  3109 | D:5      | Entered Level 5 of the Dungeon
  3197 | D:5      | Found an iron altar of Okawaru.
  3197 | D:5      | Found an ornate altar of the Wu Jian Council.
  3203 | D:5      | Became a worshipper of Warmaster Okawaru
  3228 | D:5      | Reached XP level 7. HP: 54/54 MP: 7/7
  3276 | D:5      | Found a burning altar of Makhleb.
  3440 | D:5      | Reached skill level 5 in Axes
  3721 | D:5      | Found a glowing golden altar of the Shining One.
  4108 | D:6      | Found a staircase to the Ecumenical Temple.
  4148 | D:6      | Reached * piety under Okawaru
  4233 | D:6      | Reached skill level 6 in Axes
  4233 | D:6      | Gained mutation: You regenerate a little health from kills.
                  | [demonic ancestry]
  4233 | D:6      | Reached XP level 8. HP: 61/61 MP: 8/8
  4340 | D:6      | Found Nyfium's Book Shoppe.
  4862 | D:6      | Noticed Blork the orc
  4873 | D:6      | Killed Blork the orc
  4941 | D:6      | Found a radiant altar of Vehumet.
  5094 | D:7      | Noticed Harold
  5108 | D:7      | Slain by a wight

Vault maps used:
D:1:      eino_arrival_water_star
D:2:      overflow_temple_1_default
D:3:      minmay_misc_feat_hallway
D:4:      elyvilon_altar_1, uniq_robin, uniq_natasha, uniq_crazy_yiuf_cottage
D:5:      lemuel_doored_altar, gammafunk_temple_overflow_statue, tso_altar,
          first_ration, serial_bayou_lake_a
D:6:      vehumet_statue, minmay_temple_entry_overgrown, serial_shops, shop,
          uniq_blork_the_orc
D:7:      enter_bailey_2, grunt_ogre_cave, grunt_decor_cap, uniq_harold

Skill      XL: |  1  2  3  4  5  6  7  8 |
---------------+-------------------------+-----
Axes           | 2 3 4 6 |  6.8
Shields        | 3 4 |  4.8
Armour         | 3 4 |  4.6
Dodging        | 1 2 |  2.3
Fighting       | 4 |  4.6
Stealth        | |  0.4

Action                   |  1- 3 |  4- 6 |  7- 9 || total
-------------------------+-------+-------+-------++-------
Melee: War axe           |   109 |   108 |   145 ||   362
       Kick              |    15 |    38 |    38 ||    91
Invok: Heroism           |       |       |     1 ||     1
  Use: Scroll            |       |     6 |     3 ||     9
       Potion            |       |     1 |       ||     1
  Eat: Chunk             |     1 |     7 |     6 ||    14
Armor: Scale mail        |    65 |    40 |    63 ||   168
       Chain mail        |       |       |    23 ||    23
Dodge: Dodged            |    39 |    28 |    30 ||    97
Block: Shield            |    60 |    57 |   129 ||   246
       Reflection        |       |       |     2 ||     2

Table legend:
 A = Non-vault XP
 B = Vault XP
 C = Vault XP percentage of total XP
 D = Non-vault monster count
 E = Vault monster count
 F = Vault count percentage of total count
                 A         B        C        D         E       F
            +---------+---------+-------+---------+---------+-------
      Total |    1896 |     204 |   9.7 |     111 |      10 |   8.3
            +---------+---------+-------+---------+---------+-------
        D:1 |      58 |       0 |   0.0 |      25 |       0 |   0.0
        D:2 |      71 |       0 |   0.0 |      19 |       0 |   0.0
        D:3 |      41 |       0 |   0.0 |      12 |       0 |   0.0
        D:4 |     391 |     104 |  21.0 |      17 |       9 |  34.6
        D:5 |     308 |       0 |   0.0 |      19 |       0 |   0.0
        D:6 |     971 |     100 |   9.3 |      18 |       1 |   5.3
        D:7 |      56 |       0 |   0.0 |       1 |       0 |   0.0
            +---------+---------+-------+---------+---------+-------
